 Dungeon Crawl Stone Soup version 0.29-a0-330-g52719c12eb (webtiles) character file.

Game seed: 10045598890158806968

126 kae the Firebug (level 4, 0/35 HPs)
             Began as a Demigod Fire Elementalist on May 9, 2022.
             Killed by divine providence
             ... invoked by an orc priest
              (16 damage)
             ... on level 3 of the Dungeon.
             The game lasted 00:01:46 (3437 turns).

kae the Firebug (Demigod Fire Elementalist)         Turns: 3437, Time: 00:01:47

Health: 0/35       AC:  4    Str:  9    XL:     4   Next: 55%
Magic:  5/10       EV: 12    Int: 21    God:
Gold:   70         SH:  4    Dex: 14    Spells: 1/7 levels left

rFire   . . .      SeeInvis .   j - +0 mace
rCold   . . .      Faith    .   p - +1 buckler
rNeg    . . .      Spirit   .   a - +0 robe
rPois   .          Reflect  .   (no helmet)
rElec   .          Harm     .   d - +0 cloak
rCorr   .          Rampage  .   c - +0 pair of gloves
Will    .....                   (no boots)
Stlth   ++........              (no amulet)
HPRegen 0.11/turn               (no ring)
MPRegen 0.12/turn               (no ring)

@: no status effects
A: high MP 1, forlorn, divine attributes
a: no special abilities


You were on level 3 of the Dungeon.
You visited 1 branch of the dungeon, and saw 3 of its levels.

You collected 70 gold pieces.

Inventory:

Hand Weapons
 j - a +0 mace (weapon)
Armour
 a - a +0 robe (worn)
 c - a +0 pair of gloves (worn)
 d - a +0 cloak (worn)
 p - a +1 buckler (worn)
Scrolls
 g - a scroll of immolation
 n - a scroll of identify
 o - a scroll of fog {unknown}
 r - a scroll of enchant weapon {unknown}
Potions
 b - 2 potions of magic
 e - a potion of might {unknown}
 f - 3 potions of curing {unknown}
 h - 3 potions of mutation {unknown}
 k - a potion of attraction {unknown}
 l - a potion of invisibility {unknown}
 m - 2 potions of haste {unknown}
 q - a potion of degeneration {unknown}


   Skills:
 + Level 1.5 Fighting
 + Level 2.6 Dodging
 - Level 1.7 Stealth
 + Level 2.4 Spellcasting
 + Level 2.0 Conjurations
 + Level 3.2 Fire Magic


You had one spell level left.
You knew the following spells:

 Your Spells              Type           Power      Damage    Failure   Level
a - Foxfire               Conj/Fire      52%        2x1d6     6%          1
b - Scorch                Fire           32%        2d7       8%          2
c - Conjure Flame         Conj/Fire      13%        6-21      19%         3

Your spell library contained the following spells:

 Spells                   Type           Power      Damage    Failure   Level
 Inner Flame              Hex/Fire       9%         N/A       28%         3
 Flame Wave               Conj/Fire      13%        2d6       54%         4


Dungeon Overview and Level Annotations

Branches:
Dungeon (3/15)


Innate Abilities, Weirdness & Mutations

You have an increased reservoir of magic. (+10% MP)
You shall have no god before yourself.
Your divine heritage dramatically boosts your attributes as you level up.


Message History

A bat is nearby!
Casting: Foxfire (safe; 6% risk of failure)
Confirm with . or Enter, or press ? or * to list all spells.
You conjure some foxfire!
The foxfire hits the bat.
You kill the bat!
Your Conjurations skill increases to level 2!
Casting: Foxfire (safe; 6% risk of failure)
Confirm with . or Enter, or press ? or * to list all spells.
You conjure some foxfire!
Your foxfire dissipates!
Your foxfire dissipates!
You see here a +0 short sword.
Casting: Foxfire (safe; 6% risk of failure)
Confirm with . or Enter, or press ? or * to list all spells.
You conjure some foxfire!
The orc priest hits you with a +0 dagger.
The foxfire hits the orc priest.
The orc priest is moderately wounded.
The orc priest barely misses you.
An orc priest is nearby!
An orc priest is nearby!
An orc priest is nearby!
Casting: Foxfire (safe; 6% risk of failure)
Confirm with . or Enter, or press ? or * to list all spells.
Flames lash the orc priest.
The orc priest is heavily wounded.
The orc priest's fire resistance burns away.
Your foxfire dissipates!
The orc priest mumbles some strange prayers to Beogh against you.
Beogh smites you! The orc priest closely misses you.
Casting: Scorch (safe; 8% risk of failure)
Confirm with . or Enter, or press ? or * to list all spells.
Flames lash the orc priest.
The orc priest is burned terribly!
The orc priest is almost dead.
The orc priest hits you with a +0 dagger.
The orc priest invokes the aid of Beogh against you.
Beogh smites you!
You die...

#.## ##..# .. #.# #...##
#...#... #.# #.#..)..##
#...#... #.# #.#
....###....... #.# #.#
#).##....# #.#### #.#
#.o.#....# #.....
#.#..##...#....####..
#.....
#.#...........o......
#.####
####.###########@######
#.#
#...........)..)......#
#.#
#.####.......#####....#
#.# #.# #.).....# #....#
#.# #.# #.......# #....#
#.# #.#
#.......#####....## #.#
#.# #..........##.....#
#.# #.#
#.......##.##.....#####.#
#.#
#.......##.##....>......#


You could see an orc priest (combustible).

Vanquished Creatures
  A bullfrog (D:3)
  An adder (D:2)
  2 worms
  A dart slug (D:3)
  6 orcs (D:3)
  3 ball pythons
  3 bats
  4 endoplasms
  2 giant cockroaches
  3 goblins
  3 hobgoblins
  A quokka (D:3)
  3 frilled lizards
  6 kobolds
39 creatures vanquished.

Vanquished Creatures (others)
  128 foxfires
128 creatures vanquished.

Grand Total: 167 creatures vanquished

Notes
Turn   | Place    | Note
-------+----------+-------------------------------------------
     0 | D:1      | kae the Demigod Fire Elementalist began the quest for the
                  | Orb.
     0 | D:1      | Reached XP level 1. HP: 14/14 MP: 5/5
   118 | D:1      | Reached skill level 1 in Conjurations
   731 | D:1      | Reached XP level 2. HP: 22/22 MP: 4/7
   771 | D:1      | Learned a level 2 spell: Scorch
  1656 | D:2      | Reached skill level 3 in Fire Magic
  2144 | D:2      | Reached XP level 3. HP: 27/27 MP: 5/8
  2148 | D:2      | Learned a level 3 spell: Conjure Flame
  2523 | D:3      | Reached skill level 1 in Fighting
  2638 | D:3      | Noticed a bullfrog
  2654 | D:3      | Killed a bullfrog
  2655 | D:3      | Reached XP level 4. HP: 30/35 MP: 2/10
  3437 | D:3      | Killed from afar by an orc priest

Illustrated notes

Levels and vault maps discovered:
D:1:      dpeg_arrival_round_b, layout_loops_ring, basic_ecumenical_altar,
          minmay_misc_feat_hallway, hangedman_decor_growths
D:2:      layout_loops_corners, glass_columns_b
D:3:      minmay_recursive_quarters, layout_basic, gammafunk_ghost_necromancy

Skill      XL: |  1  2  3  4 |
---------------+-------------+-----
Conjurations   | 1 2 |  2.0
Dodging        | 2 |  2.6
Spellcasting   | 2 |  2.4
Fire Magic     | 3 |  3.2
Fighting       | 1 |  1.5
Stealth        | |  1.7

Action                   |  1- 3 |  4- 6 || total
-------------------------+-------+-------++-------
Melee: Unarmed           |     4 |       ||     4
       Mace              |     7 |    13 ||    20
 Cast: Foxfire           |    58 |    22 ||    80
       Scorch            |    10 |     4 ||    14
  Use: Scroll            |     4 |     1 ||     5
       Potion            |     1 |       ||     1
Armor: Robe              |     6 |     2 ||     8
       Skin              |    12 |    15 ||    27
Dodge: Dodged            |    19 |    14 ||    33
Block: Buckler           |    10 |     8 ||    18

Table legend: (Time is in decaauts)
 A = Elapsed time spent in this place.
 B = Non-inter-level travel time spent in this place.
 C = Inter-level travel time spent in this place.
 D = Time resting spent in this place.
 E = Time spent auto-exploring this place.
 F = Levels seen in this place.
 G = Mean time per level.
                   A        B        C        D        E       F      G
               +--------+--------+--------+--------+--------+-----+--------+
         Total |   3445 |   3347 |     98 |      3 |   2923 |   3 | 1148.3 |
       Dungeon |   3445 |   3347 |     98 |      3 |   2923 |   3 | 1148.3 |
               +--------+--------+--------+--------+--------+-----+--------+

Top non-repeatable levels by time:
     D:1: 1277 daAuts
     D:2: 1230 daAuts
     D:3: 936 daAuts
